Map: Blackburn LE

Players

Serral - Winner!

  • Race: Zerg Zerg
  • League: Master

MaxPax

  • Race: Protoss Protoss
  • League: Grandmaster

Event: DreamHack SC2 Masters Last Chance 2022

VOD

Have the link to the VOD?

Description

Time

  • Played on: Dec. 17, 2021, 2:25 p.m.
  • Length: 25:28

All games in this series

Show
View Real Time Build Order
Export as new Build Order

Serral Zerg - Winner!

Build Orders: Hatch First, Brood Lord Corruptor 

Get SALT Encoding   

  12  0:00  Drone  
  13  0:11  Overlord  
  13  0:17  Drone  
  14  0:30  Drone x2  
  16  0:44  Drone  
  17  0:51  Hatchery  
  17  0:54  Drone  
  17  0:58  Drone  
  18  1:08  Extractor  
  17  1:14  Spawning Pool  
  17  1:17  Drone  
  17  1:20  Drone  
  18  1:27  Drone  
  19  1:38  Drone  
  20  1:50  Overlord  
  20  2:01  Queen  
  20  2:03  Queen  
  20  2:04  Zergling x4  
  26  2:11  Metabolic Boost, Drone  
  26  2:14  Drone  
  28  2:20  Drone  
  29  2:24  Drone  
  30  2:39  Queen  
  32  2:44  Hatchery  
  32  2:47  Drone  
  32  2:49  Drone  
  33  2:53  Overlord  
  33  2:57  Drone x2  
  35  3:00  Drone  
  35  3:05  Overlord  
  36  3:11  Queen  
  38  3:15  Drone x2  
  38  3:18  Drone x2  
  42  3:22  Drone x2  
  42  3:24  Drone  
  45  3:28  Overlord  
  45  3:33  Queen  
  47  3:36  Drone  
  47  3:37  Drone  
  49  3:41  Overlord  
  49  3:52  Zergling x6  
  52  3:56  Drone x4  
  52  3:58  Spore Crawler x2  
  52  4:02  Drone x2  
  56  4:07  Zergling x2  
  56  4:08  Drone  
  58  4:13  Drone x3  
  58  4:16  Spore Crawler  
  59  4:18  Drone  
  59  4:24  Overlord  
  59  4:25  Drone  
  59  4:26  Drone  
  59  4:29  Queen  
  59  4:31  Drone, Spore Crawler  
  61  4:34  Drone  
  61  4:37  Drone  
  63  4:42  Drone x2  
  65  4:48  Drone  
  65  4:51  Drone x3  
  65  4:52  Lair  
  69  4:56  Roach Warren  
  69  4:58  Drone x4, Extractor x2  
  70  5:00  Drone  
  70  5:01  Drone  
  70  5:04  Drone  
  73  5:08  Overlord  
  73  5:09  Overlord  
  73  5:15  Extractor  
  73  5:16  Drone, Extractor  
  73  5:17  Drone, Extractor  
  73  5:20  Drone x2  
  74  5:25  Evolution Chamber  
  74  5:26  Drone  
  74  5:27  Drone x7  
  81  5:30  Drone  
  81  5:32  Overlord  
  81  5:35  Overlord  
  82  5:43  Drone  
  82  5:46  Drone x4  
  82  5:49  Queen  
  89  5:53  Hatchery, Zerg Melee Weapons Level 1  
  89  5:55  Zergling x2  
  89  5:56  Queen  
  90  5:58  Glial Reconstitution  
  90  6:05  Spire  
  90  6:08  Infestation Pit  
  90  6:09  Queen  
  90  6:12  Zergling x4  
  91  6:19  Drone, Zergling x2  
  91  6:20  Drone x5  
  91  6:23  Drone x2  
  99  6:26  Zergling x2  
  99  6:27  Overseer  
  99  6:29  Overlord  
  99  6:31  Drone  
  99  6:32  Drone  
  102  6:36  Drone x4  
  106  6:44  Spore Crawler, Extractor x2  
  102  6:48  Drone x2  
  102  6:49  Drone  
  102  6:53  Overlord  
  104  6:57  Zergling x2  
  104  6:58  Zergling x2  
  104  7:01  Overlord  
  104  7:02  Overlord x2  
  104  7:03  Zergling x8  
  106  7:16  Overseer  
  106  7:19  Hive  
  106  7:24  Mutalisk  
  106  7:25  Mutalisk x9  
  106  7:29  Mutalisk x3  
  126  7:32  Mutalisk  
  126  7:35  Drone x3  
  137  7:40  Drone x3  
  140  7:47  Drone x2  
  140  7:48  Evolution Chamber  
  140  7:49  Baneling Nest  
  140  7:51  Overlord x3  
  140  7:52  Overlord x2  
  140  7:54  Zerg Missile Weapons Level 1  
  140  7:59  Roach x6  
  140  8:05  Hatchery  
  151  8:10  Roach x3  
  157  8:13  Roach x3  
  157  8:14  Roach  
  157  8:16  Zerg Ground Armor Level 1  
  163  8:28  Roach x7  
  175  8:34  Infestor  
  175  8:35  Infestor  
  179  8:44  Viper  
  179  8:47  Viper  
  183  8:51  Zergling x16  
  189  8:58  Greater Spire  
  189  9:08  Zergling x8  
  178  9:30  Drone x7, Queen x2  
  178  9:31  Queen x2  
  189  9:32  Overlord x2  
  189  9:34  Corruptor x2  
  189  9:38  Spire  
  196  9:41  Spore Crawler  
  196  9:42  Spore Crawler  
  196  9:43  Spore Crawler x2  
  196  9:44  Spore Crawler  
  191  9:47  Corruptor x7  
  191  9:48  Corruptor  
  191  9:52  Spore Crawler x3  
  188  9:56  Zerg Melee Weapons Level 2  
  188  9:57  Drone x3, Overseer  
  188  9:59  Pneumatized Carapace  
  187  10:15  Corruptor x4  
  178  10:42  Corruptor x3  
  168  10:43  Corruptor x3  
  168  10:49  Queen x3  
  164  10:57  Corruptor x2  
  164  11:07  Corruptor x2  
  168  11:15  Spore Crawler x2  
  168  11:18  Viper  
  166  11:21  Spore Crawler  
  166  11:22  Zergling x8  
  166  11:23  Spore Crawler  
  166  11:25  Queen  
  177  11:33  Viper  
  177  11:35  Zergling x22  
  188  11:46  Viper  
  186  11:57  Brood Lord x3  
  182  12:02  Drone x10, Queen x3  
  182  12:03  Queen  
  200  12:09  Zerg Flyer Weapons Level 1, Zerg Flyer Armor Level 1  
  200  12:18  Spore Crawler x3  
  200  12:21  Spore Crawler  
  200  12:22  Brood Lord  
  198  12:23  Spore Crawler  
  198  12:24  Brood Lord  
  196  12:30  Spore Crawler  
  196  12:36  Corruptor x2  
  190  12:44  Queen x5  
  200  12:51  Extractor  
  200  12:53  Drone, Spore Crawler  
  200  12:54  Spore Crawler  
  200  12:55  Spore Crawler x2  
  200  12:56  Zerg Missile Weapons Level 2, Spore Crawler x4  
  192  12:59  Brood Lord  
  194  13:05  Corruptor  
  194  13:06  Corruptor x2  
  176  13:44  Drone  
  176  13:45  Drone x5  
  176  13:46  Drone x8  
  179  13:49  Corruptor x8  
  194  14:00  Drone  
  194  14:01  Drone x2, Extractor  
  194  14:10  Zerg Flyer Weapons Level 2  
  194  14:13  Extractor  
  194  14:14  Extractor  
  192  14:19  Drone x3  
  192  14:20  Drone x3  
  192  14:21  Spore Crawler  
  192  14:22  Zerg Ground Armor Level 2  
  192  14:23  Spore Crawler  
  196  14:26  Overseer, Burrow  
  196  14:28  Spore Crawler  
  196  14:29  Infestor  
  197  14:40  Spine Crawler  
  197  14:42  Drone x5, Spine Crawler  
  197  14:43  Spine Crawler x2, Centrifugal Hooks  
  196  14:46  Spine Crawler  
  196  14:48  Overlord  
  193  14:58  Adrenal Glands  
  193  14:59  Ultralisk Cavern  
  192  15:00  Brood Lord  
  192  15:03  Neural Parasite  
  194  15:11  Drone x5  
  194  15:12  Spore Crawler  
  194  15:13  Drone, Spore Crawler  
  198  15:14  Spore Crawler  
  198  15:15  Drone  
  198  15:24  Zergling x4  
  198  15:26  Zerg Flyer Armor Level 2  
  198  15:27  Overseer  
  200  15:44  Spore Crawler  
  200  15:45  Spore Crawler x3  
  200  15:46  Spore Crawler  
  200  15:47  Drone x5  
  200  15:50  Chitinous Plating  
  200  16:03  Spore Crawler  
  199  16:05  Zerg Melee Weapons Level 3  
  199  16:08  Hatchery  
  197  16:22  Pathogen Glands  
  198  16:37  Zerg Flyer Weapons Level 3  
  198  16:54  Hatchery  
  195  17:09  Infestor x2, Anabolic Synthesis  
  195  17:12  Baneling  
  195  17:13  Baneling x2  
  199  17:29  Hatchery  
  195  17:48  Drone  
  195  17:50  Zergling x18  
  195  17:51  Zergling x2  
  198  17:54  Brood Lord  
  198  17:56  Zerg Flyer Armor Level 3  
  198  17:57  Zerg Ground Armor Level 3  
  198  18:02  Infestor  
  200  18:26  Baneling x5  
  200  18:27  Baneling x6  
  200  18:42  Zerg Missile Weapons Level 3  
  200  18:50  Viper  
  196  19:18  Zergling x6  
  196  19:19  Hatchery, Extractor  
  190  19:39  Zergling x2  
  190  19:40  Zergling x18  
  199  19:59  Extractor  
  197  20:02  Extractor  
  197  20:04  Corruptor x2  
  200  20:09  Infestor  
  196  20:39  Extractor  
  196  20:42  Drone  
  196  20:43  Drone x2  
  196  20:45  Corruptor  
  200  20:51  Spore Crawler x4  
  196  21:00  Corruptor x2  
  200  21:10  Baneling  
  200  21:11  Baneling x5  
  196  21:35  Spore Crawler x2  
  196  21:36  Spore Crawler x2  
  182  21:56  Zergling x16  
  182  22:00  Ultralisk x2  
  171  22:36  Corruptor x12  
  178  22:47  Ultralisk x3  
  196  22:53  Hatchery  
  196  22:55  Infestor x3, Extractor x2  
  197  23:33  Viper  
  200  23:57  Infestor  
  196  24:19  Corruptor  
  196  24:20  Corruptor  
Show
View Real Time Build Order
Export as new Build Order

MaxPax Protoss 

Build Orders: 1 Gate Expand, Oracle Opening, Carriers 

Get SALT Encoding   

  12  0:00  Probe  
  13  0:12  Probe  
  14  0:20  Pylon  
  14  0:24  Probe  
  15  0:38  Probe (Chrono Boost)  
  15  0:41  Gateway  
  16  0:47  Probe (Chrono Boost)  
  16  0:49  Assimilator  
  17  0:52  Probe (Chrono Boost)  
  18  1:04  Probe  
  19  1:16  Probe  
  20  1:30  Nexus  
  20  1:39  Cybernetics Core  
  20  1:41  Probe  
  21  1:51  Assimilator  
  21  1:53  Probe  
  22  1:57  Pylon  
  22  2:05  Probe (Chrono Boost)  
  23  2:16  Adept  
  23  2:17  Probe (Chrono Boost)  
  23  2:19  Stargate  
  26  2:24  Probe (Chrono Boost)  
  26  2:29  Warp Gate  
  27  2:32  Probe (Chrono Boost)  
  28  2:42  Probe (Chrono Boost)  
  30  2:46  Adept  
  30  2:50  Probe (Chrono Boost)  
  33  2:51  Probe (Chrono Boost)  
  33  2:54  Void Ray (Chrono Boost)  
  33  2:56  Probe x2 (Chrono Boost)  
  39  3:08  Probe  
  39  3:09  Probe  
  39  3:10  Pylon  
  41  3:20  Gateway, Probe  
  41  3:22  Probe  
  43  3:30  Oracle (Chrono Boost)  
  43  3:32  Probe  
  47  3:34  Probe  
  48  3:44  Probe  
  48  3:46  Probe  
  50  3:51  Nexus  
  50  3:55  Pylon  
  50  4:00  Probe  
  50  4:01  Probe  
  52  4:05  Assimilator  
  52  4:09  Assimilator  
  52  4:12  Probe  
  52  4:13  Probe  
  54  4:20  Stargate  
  54  4:24  Probe  
  54  4:27  Probe  
  54  4:29  Protoss Air Weapons Level 1  
  56  4:34  Void Ray (Chrono Boost), Pylon, Forge  
  56  4:36  Probe  
  57  4:39  Probe  
  62  4:52  Probe x2  
  64  5:00  Void Ray, Pylon  
  64  5:01  Robotics Facility  
  64  5:03  Probe (Chrono Boost)  
  64  5:04  Probe (Chrono Boost)  
  64  5:05  Probe (Chrono Boost), Pylon  
  71  5:10  Shield Battery  
  73  5:14  Void Ray  
  73  5:15  Probe (Chrono Boost)  
  73  5:16  Probe x2 (Chrono Boost)  
  73  5:20  Probe x2 (Chrono Boost)  
  78  5:21  Probe (Chrono Boost)  
  81  5:30  Probe  
  81  5:31  Probe  
  81  5:32  Probe  
  81  5:34  Assimilator  
  84  5:37  Pylon  
  84  5:41  Assimilator  
  84  5:42  Probe  
  85  5:43  Probe  
  85  5:44  Adept x2, Probe  
  91  5:54  Probe  
  91  5:55  Probe, Stargate  
  91  5:56  Probe  
  94  6:02  Fleet Beacon  
  94  6:04  Pylon  
  94  6:06  Probe  
  95  6:15  Nexus, Pylon  
  95  6:18  Probe  
  94  6:24  Probe  
  93  6:32  Robotics Bay  
  93  6:34  Probe  
  93  6:35  Pylon  
  93  6:37  Adept x2  
  98  6:40  Photon Cannon  
  98  6:42  Shield Battery  
  98  6:44  Carrier x2 (Chrono Boost)  
  110  6:48  Probe  
  110  6:52  Carrier (Chrono Boost)  
  115  7:09  Photon Cannon, Probe  
  112  7:16  Probe  
  112  7:18  Assimilator  
  112  7:20  Assimilator  
  112  7:22  Gateway  
  113  7:24  Photon Cannon  
  113  7:27  Observer, Pylon  
  113  7:28  Probe  
  115  7:31  Pylon  
  115  7:32  Protoss Air Weapons Level 2, Photon Cannon, Void Ray (Chrono Boost)  
  115  7:33  Void Ray (Chrono Boost), Shield Battery  
  115  7:35  Pylon  
  115  7:36  Void Ray  
  115  7:44  Probe  
  128  7:45  Probe  
  128  7:46  Probe  
  130  7:52  Disruptor  
  130  7:54  Probe  
  130  7:56  Probe  
  135  8:01  Photon Cannon, Pylon  
  137  8:07  Probe x2 (Chrono Boost)  
  137  8:10  Mothership (Chrono Boost)  
  137  8:16  Void Ray  
  137  8:18  Void Ray  
  147  8:21  Probe (Chrono Boost), Flux Vanes  
  147  8:22  Probe (Chrono Boost)  
  147  8:25  Pylon  
  151  8:33  Probe  
  144  8:34  Void Ray  
  144  8:37  Photon Cannon  
  144  8:39  Shield Battery  
  143  8:49  Gateway, Probe  
  143  8:52  Gateway  
  143  8:54  Twilight Council, Disruptor (Chrono Boost)  
  141  9:00  Probe x2  
  141  9:01  Probe  
  146  9:07  Zealot x2  
  148  9:12  Probe  
  148  9:16  Void Ray (Chrono Boost)  
  146  9:18  Void Ray (Chrono Boost)  
  146  9:20  Void Ray (Chrono Boost)  
  146  9:22  Probe  
  149  9:25  Probe x2  
  159  9:34  Probe  
  159  9:37  Probe, Charge (Chrono Boost)  
  161  9:41  Disruptor, Templar Archives  
  164  9:47  Gateway  
  164  9:48  Pylon  
  164  9:50  Gateway  
  164  9:52  Zealot x4, Pylon  
  172  9:55  Gateway, Pylon  
  172  10:02  Pylon  
  172  10:07  Nexus  
  172  10:10  Void Ray (Chrono Boost)  
  168  10:14  Protoss Air Weapons Level 3 (Chrono Boost)  
  168  10:18  Stalker x3  
  168  10:21  Stalker  
  178  10:22  Void Ray (Chrono Boost)  
  178  10:25  Void Ray (Chrono Boost)  
  170  10:28  Disruptor  
  175  10:40  Probe  
  174  10:44  Void Ray (Chrono Boost)  
  174  10:48  Probe  
  157  10:52  Probe  
  157  10:54  Zealot x2  
  157  10:55  Zealot x6  
  162  10:59  Probe  
  162  11:04  Void Ray (Chrono Boost), Probe  
  157  11:10  Warp Prism (Chrono Boost)  
  155  11:14  Nexus  
  155  11:15  Void Ray  
  155  11:25  Probe x2  
  155  11:32  High Templar x4  
  164  11:33  Zealot x4  
  164  11:38  Archon x2  
  162  11:42  Pylon  
  162  11:44  Void Ray, Probe x2  
  162  11:45  Probe  
  160  11:52  Disruptor (Chrono Boost)  
  160  11:53  Probe  
  162  11:58  Void Ray, High Templar x2  
  162  11:59  Zealot x2  
  173  12:02  Gateway  
  173  12:03  Archon  
  173  12:07  Gateway  
  177  12:08  Photon Cannon  
  177  12:11  Shield Battery  
  177  12:15  Photon Cannon  
  177  12:17  Zealot x2  
  177  12:18  Zealot x2  
  177  12:19  Zealot x2  
  173  12:46  Void Ray  
  173  12:50  Zealot  
  173  12:51  Zealot x4  
  173  12:53  Observer (Chrono Boost)  
  173  12:56  Probe x2  
  173  12:57  Void Ray x2  
  173  12:58  Assimilator x2  
  182  13:01  Probe, Pylon  
  182  13:04  Zealot  
  182  13:05  Zealot x3  
  195  13:27  Zealot x2  
  195  13:28  Stalker x3  
  192  13:34  Zealot x4, Void Ray x2  
  192  13:39  Void Ray  
  135  14:01  Disruptor (Chrono Boost)  
  127  14:03  Stargate x2  
  128  14:11  Pylon  
  128  14:12  Probe  
  128  14:14  Photon Cannon  
  128  14:16  Photon Cannon, Shield Battery  
  137  14:17  Mothership  
  137  14:20  Carrier (Chrono Boost), Pylon  
  137  14:21  Carrier (Chrono Boost)  
  137  14:22  Nexus  
  149  14:32  Psionic Storm, Protoss Air Armor Level 1  
  149  14:33  Probe x4  
  149  14:37  Void Ray (Chrono Boost)  
  153  14:41  Zealot  
  153  14:45  Probe  
  160  14:54  Probe  
  160  14:58  Disruptor  
  164  15:06  Void Ray (Chrono Boost)  
  164  15:08  Void Ray (Chrono Boost)  
  164  15:09  Void Ray (Chrono Boost)  
  164  15:10  Void Ray (Chrono Boost)  
  180  15:20  Assimilator, Tempest (Chrono Boost)  
  185  15:24  Photon Cannon, Assimilator  
  185  15:26  Dark Shrine  
  185  15:28  Photon Cannon x2  
  185  15:29  High Templar, Shield Battery  
  185  15:32  Zealot  
  185  15:34  Observer  
  190  15:55  Tempest x2  
  200  15:57  Protoss Ground Weapons Level 1 (Chrono Boost)  
  200  16:13  Photon Cannon  
  195  16:18  Pylon  
  191  16:25  Pylon  
  191  16:29  High Templar x2  
  191  16:30  Oracle, High Templar  
  197  16:34  Pylon  
  197  16:45  Shield Battery  
  197  16:46  Shield Battery  
  197  16:57  Void Ray x2  
  197  16:58  Void Ray, Protoss Air Armor Level 2 (Chrono Boost)  
  177  17:02  High Templar x3  
  177  17:03  Carrier  
  191  17:11  Unknown  
  181  17:17  Tempest  
  181  17:18  Blink (Chrono Boost)  
  186  17:25  Stalker x4  
  194  17:37  High Templar x3  
  190  17:47  Mothership  
  190  17:50  Shield Battery  
  194  17:51  Shield Battery  
  194  17:53  Probe x3  
  194  17:54  Pylon  
  197  17:59  Probe  
  197  18:00  Photon Cannon  
  197  18:04  Pylon  
  198  18:09  Probe  
  199  18:13  Photon Cannon  
  199  18:16  Photon Cannon  
  199  18:33  Shield Battery  
  199  18:35  Shield Battery  
  199  18:39  Pylon  
  193  18:51  Tempest  
  198  18:55  Archon  
  198  19:01  Shield Battery  
  198  19:03  Photon Cannon, Shield Battery  
  196  19:12  Pylon  
  196  19:15  Photon Cannon  
  196  19:17  Photon Cannon, Disruptor (Chrono Boost)  
  190  19:18  Pylon  
  190  19:20  Shield Battery  
  193  19:25  Pylon  
  187  19:46  Disruptor  
  187  19:51  Probe  
  191  19:57  Nexus, Tempest  
  191  19:59  Pylon  
  188  20:11  Tempest, Shield Battery  
  188  20:12  Shield Battery  
  188  20:13  Stalker  
  188  20:14  Stalker x2  
  195  20:21  Disruptor (Chrono Boost)  
  195  20:23  Pylon  
  195  20:26  Photon Cannon  
  193  20:30  Photon Cannon  
  191  20:39  Photon Cannon  
  191  20:41  Photon Cannon  
  191  20:43  Photon Cannon  
  191  20:44  Nexus  
  191  20:45  Pylon  
  191  20:47  Shield Battery  
  187  20:50  Shield Battery  
  187  20:52  Warp Prism (Chrono Boost), Shield Battery  
  187  20:55  Shield Battery  
  189  21:00  Shield Battery  
  189  21:03  Assimilator  
  189  21:08  Assimilator  
  189  21:10  Shield Battery  
  189  21:12  Pylon  
  189  21:24  Oracle  
  191  21:26  Shield Battery  
  191  21:29  Pylon  
  191  21:31  Dark Templar  
  193  21:41  Assimilator  
  193  21:48  Zealot x3  
  195  22:03  Photon Cannon  
  190  22:10  Shield Battery  
  190  22:12  Pylon  
  186  22:24  Void Ray (Chrono Boost)  
  186  22:25  Void Ray (Chrono Boost)  
  168  22:36  Void Ray (Chrono Boost)  
  168  22:42  Void Ray x2 (Chrono Boost)  
  160  22:50  Gravitic Drive (Chrono Boost), High Templar x3  
  160  22:51  High Templar  
  165  22:59  Oracle  
  165  23:03  Void Ray  
  165  23:05  Shield Battery  
  168  23:07  Photon Cannon  
  168  23:09  Photon Cannon  
  168  23:11  Photon Cannon, High Templar x2  
  168  23:12  High Templar x2  
  180  23:13  Photon Cannon, High Templar  
  180  23:15  Archon, Pylon  
  180  23:16  Archon  
  182  23:20  Void Ray  
  182  23:26  Warp Prism  
  178  23:27  Probe x2  
  176  23:36  High Templar x3  
  182  23:42  Probe  
  182  23:43  Probe  
  182  23:44  Probe  
  182  23:46  Probe  
  186  23:49  Photon Cannon  
  186  23:50  Photon Cannon  
  186  23:51  Pylon  
  186  23:53  Void Ray x2  
  186  24:22  Pylon  
  186  24:25  High Templar  
  186  24:26  High Templar x3  
  186  24:28  Pylon  
  186  24:29  Assimilator  
  192  24:43  Archon x2  
  192  24:44  Probe x2  

Tags
 
Add a new tag
Caveats
  • Supply blocks, unpowered buildings, or Contaminate may cause inaccurate times.
  • Supply counts are checked every 10 seconds.